 Dungeon Crawl Stone Soup version 0.17.0-26-gececa24 (webtiles) character file.

544 4thArraOfDagon the Slasher (level 7, -5/46 HPs)
             Began as an Octopode Assassin on Nov 19, 2015.
             Was an Initiate of Ashenzari.
             Slain by an iron imp (11 damage)
             ... summoned by Eustachio
             ... on level 4 of the Dungeon.
             The game lasted 00:08:29 (1353 turns).

4thArraOfDagon the Slasher (Octopode Assassin)      Turns: 1353, Time: 00:08:29

Health: -5/46      AC:  1    Str: 10      XL:     7   Next: 27%
Magic:  7/7        EV: 11    Int: 15      God:    Ashenzari [......]
Gold:   103        SH:  0    Dex:  1 (14) Spells: 0 memorised, 6 levels left

rFire  . . .     SeeInvis .     a - +3 dagger
rCold  . . .     Clarity  .     (no shield)
rNeg   . . .     SustAt   .     (helmet restricted)
rPois  .         Gourm    .     (no amulet)
rElec  .         Spirit   .     v - ring of protection from magic
rCorr  .         Warding  .     (no ring)
rMut   .         Stasis   .     (no ring)
MR     +....                    (no ring)
Stlth  +++.......               (no ring)
                                (no ring)
                                (no ring)
                                (no ring)

@: somewhat resistant to hostile enchantments, fairly stealthy
A: almost no armour, amphibious, 8 rings, constrict 8, camouflage 1, gelatinous
body 1
a: Renounce Religion


You were on level 4 of the Dungeon.
You worshipped Ashenzari.
Ashenzari was noncommittal.
You were not hungry.

You visited 2 branches of the dungeon, and saw 8 of its levels.

You collected 103 gold pieces.

Inventory:

Hand Weapons
 a - a +3 dagger (weapon)
 b - a +0 blowgun
 i - a +0 long sword
 p - a +0 falchion
 u - a +0 hand axe of draining
Missiles
 c - 2 poisoned needles
 d - 2 curare-tipped needles
Jewellery
 v - a ring of protection from magic (left tentacle)
Wands
 f - a wand of digging (14)
 l - a wand of lightning (10)
Scrolls
 h - a scroll of remove curse
 j - a scroll of amnesia
 s - a scroll of enchant weapon
Potions
 g - a potion of beneficial mutation
 q - a potion of cure mutation {unknown}
 t - a potion of lignification {unknown}
 w - a potion of resistance {unknown}
Books
 m - a book of Power

   Spells                             Type                      Level
   a - Fulminant Prism                Conjuration/Hexes            4
   b - Iskenderun's Mystic Blast      Conjuration                  4
   c - Venom Bolt                     Conjuration/Poison           5
   d - Bolt of Magma                  Conjuration/Fire/Earth       5
   e - Iron Shot                      Conjuration/Earth            6
   f - Orb of Destruction             Conjuration                  7
   g - Spellforged Servitor           Conjuration/Summoning        7
 o - a book of Annihilations

   Spells                             Type                      Level
   a - Poison Arrow                   Conjuration/Poison           6
   b - Chain Lightning                Conjuration/Air              8
   c - Lehudib's Crystal Spear        Conjuration/Earth            8
   d - Glaciate                       Conjuration/Ice              9
   e - Fire Storm                     Conjuration/Fire             9
Comestibles
 e - 3 bread rations
 k - a royal jelly
 n - 2 meat rations
 r - 3 fruits
 x - 2 chunks of flesh


   Skills:
 - Level 3.0 Fighting
 - Level 2.0(4.0) Short Blades
 * Level 5.4(5.6) Long Blades
 - Level 2.0 Throwing
 + Level 4.3 Dodging
 - Level 5.3 Stealth


You had 6 spell levels left.
You didn't know any spells.

Dungeon Overview and Level Annotations

Branches:
Dungeon (7/15)             Temple (1/1) D:4

Altars:
Ashenzari
Fedhas
Gozag
Kikubaaqudgha
Makhleb
Nemelex Xobeh
Okawaru
Qazlal
Ru
Trog
Vehumet
Xom
Yredelemnul
The Shining One

Shops:
D:6 [

Annotations:
D:4 Eustachio
D:5 4 runed doors
D:6 dorian's ghost, novice OpFE
D:7 4thArraOfDagon's ghost, amateur FeAE


Innate Abilities, Weirdness & Mutations

You cannot wear most types of armour.
You are amphibious.
You can wear up to eight rings at the same time.
You can use your tentacles to constrict eight enemies at once.
Your skin changes colour to match your surroundings (Stealth).
Your rubbery body absorbs attacks (AC +1).


Message History

You feel clumsy.
Unknown command.
You hit the quasit.
You kill the quasit!
Unknown command.
Unknown command.
You barely miss the iron imp. You grab the iron imp.
You constrict the iron imp, but do no damage.
The iron imp hits you.
* * * LOW HITPOINT WARNING * * *
Unknown command.
Unknown command.
You hit the iron imp but do no damage. You constrict the iron imp.
Unknown command.
Unknown command.
Unknown command.
You hit the iron imp but do no damage.
The iron imp is lightly wounded.
You constrict the iron imp. The iron imp hits you!
You die...

# .. ... .... #####
.....## ##...##
.......#######.....##
...%..@5@...........###
((((.#####.............
. ... ####.......# #. .
##.....####.. ##....#
...# ##.#.#...
..#####.#.#.#
#...........#
###......<..# #


You could see Eustachio and an iron imp.

Vanquished Creatures
  Sigmund (D:5)
  2 scorpions
  2 orc priests
  A quasit (D:6)
  An orc wizard (D:4)
  An iguana (D:6)
  A worker ant (D:4)
  Natasha (D:3)
  6 adders
  8 orcs
  A giant cockroach (D:4)
  5 goblins
  4 jackals (D:3)
  A ball python (D:4)
  2 bats (D:2)
  2 giant newts
  2 jackal skeletons (D:4)
  4 kobolds
  A rat (D:3)
46 creatures vanquished.

Notes
Turn   | Place    | Note
--------------------------------------------------------------
     0 | D:1      | 4thArraOfDagon the Octopode Assassin began the quest for the Orb.
     0 | D:1      | Reached XP level 1. HP: 14/14 MP: 1/1
   247 | D:2      | You fall through a shaft!
   263 | D:3      | Reached XP level 2. HP: 18/20 MP: 2/2
   388 | D:3      | Reached XP level 3. HP: 25/25 MP: 3/3
   449 | D:5      | Entered Level 5 of the Dungeon
   449 | D:5      | Found a large runed door.
   449 | D:5      | Found a large runed door.
   531 | D:5      | Noticed Sigmund
   545 | D:5      | Killed Sigmund
   545 | D:5      | Reached XP level 4. HP: 31/31 MP: 4/4
   545 | D:5      | Reached XP level 5. HP: 36/36 MP: 5/5
   568 | D:5      | Found a blossoming altar of Fedhas.
   568 | D:5      | Found an ancient bone altar of Kikubaaqudgha.
   631 | D:5      | Noticed a scorpion
   632 | D:5      | Killed a scorpion
   632 | D:5      | Reached XP level 6. HP: 42/42 MP: 6/6
   636 | D:5      | Found a large runed door.
   637 | D:5      | Found a large runed door.
   786 | D:7      | Noticed 4thArraOfDagon's ghost (amateur FeAE)
   924 | D:6      | Found Zahaucs's Antique Armour Emporium.
   981 | D:6      | Noticed dorian's ghost (novice OpFE)
  1088 | D:4      | Found a staircase to the Ecumenical Temple.
  1088 | D:4      | Noticed a scorpion
  1091 | Temple   | Entered the Ecumenical Temple
  1110 | Temple   | :(
  1110 | Temple   | RIP
  1110 | Temple   | was good char
  1115 | Temple   | Became a worshipper of Ashenzari the Shackled
  1132 | D:4      | Killed a scorpion
  1132 | D:4      | Reached skill level 5 in Long Blades
  1132 | D:4      | Reached XP level 7. HP: 21/46 MP: 7/7
  1201 | D:3      | Noticed Natasha
  1206 | D:3      | Killed Natasha
  1330 | D:4      | Noticed Eustachio
  1353 | D:4      | Slain by an iron imp

Action                   |  1- 3 |  4- 6 |  7- 9 || total
-------------------------+-------+-------+-------++-------
Melee: Dagger            |    20 |    38 |    34 ||    92
 Fire: Blowgun           |     8 |     8 |     5 ||    21
  Use: Scroll            |     7 |       |       ||     7
       Potion            |       |     7 |       ||     7
 Stab: Sleeping          |    16 |     7 |     3 ||    26
  Eat: Chunk             |       |       |     1 ||     1
